 Dungeon Crawl Stone Soup version 0.29.0-11-gd7f09526c8 (webtiles) character file.

Game seed: 6175352910320829744

21057 Zeldest the Brawler (level 12, 0/126 HPs)
             Began as a Troll Monk on Sept 4, 2022.
             Was an Elder of Wu Jian.
             Slain by a 12-headed hydra (12 damage)
             ... on level 1 of the Lair of Beasts.
             The game lasted 00:28:54 (5999 turns).

Zeldest the Brawler (Troll Monk)                    Turns: 5999, Time: 00:28:54

Health: 0/126      AC: 10    Str: 26    XL:     12   Next: 50%
Magic:  11/11      EV:  7    Int:  9    God:    Wu Jian [****..]
Gold:   365        SH: 18    Dex: 12    Spells: 11/11 levels left

rFire   + . .      SeeInvis .     - Unarmed
rCold   . . .      Faith    .   c - +4 tower shield of Grace {Int+3}
rNeg    . . .      Spirit   .   y - +0 acid dragon scales
rPois   .          Reflect  .   d - +1 hat
rElec   .          Harm     .   p - +0 cloak
rCorr   +          Rampage  .   (gloves unavailable)
Will    .....                   (boots unavailable)
Stlth   +.........              i - amulet of the acrobat
HPRegen 1.11/turn               m - +4 ring of slaying
MPRegen 0.12/turn               s - ring of protection from fire

@: studying Short Blades
A: large, unfitting armour, claws 3, regeneration 1, shaggy fur 1, tough skin 1
a: Renounce Religion, Wall Jump, Serpent's Lash


You were on level 1 of the Lair of Beasts.
You worshipped Wu Jian.
Wu Jian was greatly pleased with you.
You visited 3 branches of the dungeon, and saw 15 of its levels.

You collected 535 gold pieces.
You spent 170 gold pieces at shops.

Inventory:

Armour
 c - the +4 tower shield of Grace (worn) {Int+3}
   (You acquired it on level 6 of the Dungeon)

   Int:       It affects your intelligence (+3).
 d - a +1 hat (worn)
 p - a +0 cloak (worn)
 y - +0 acid dragon scales (worn)
 F - a +2 robe of willpower
Jewellery
 i - an amulet of the acrobat (around neck)
 m - a +4 ring of slaying (left claw)
 q - a ring of see invisible
 s - a ring of protection from fire (right claw)
Wands
 h - a wand of mindburst (16)
 n - a wand of charming (28)
 o - a wand of acid (13)
 t - a wand of flame (49)
 C - a wand of iceblast (17)
 G - a wand of polymorph (4)
 K - a wand of digging (7)
Scrolls
 a - 2 scrolls of immolation {unknown}
 l - 2 scrolls of amnesia
 u - 2 scrolls of vulnerability {unknown}
 w - a scroll of poison {unknown}
 x - a scroll of magic mapping
 D - a scroll of summoning
 I - a scroll of teleportation
 J - a scroll of fog {unknown}
Potions
 b - 3 potions of ambrosia
 e - 4 potions of curing
 f - 3 potions of flight
 g - 2 potions of mutation
 j - a potion of might
 k - 2 potions of attraction
 r - 2 potions of haste
 v - a potion of heal wounds
 z - a potion of cancellation {unknown}
 B - a potion of berserk rage {unknown}
 E - a potion of invisibility {unknown}
Miscellaneous
 A - a phial of floods
 H - a condenser vane


   Skills:
 + Level 9.9 Fighting
 + Level 0.1 Armour
 - Level 2.5 Dodging
 - Level 1.1 Stealth
 + Level 7.1 Shields
 + Level 16.0 Unarmed Combat


You had 11 spell levels left.
You didn't know any spells.
Your spell library contained the following spells:

 Spells                   Type           Power      Damage    Failure   Level
 Apportation              Tloc           0%         N/A       95%         1
 Sting                    Tmut/Pois      0%         1d3       95%         1
 Ozocubu's Armour         Ice            0%         N/A       100%        3
 Airstrike                Air            0%         2d(0-16)  100%        4
 Fulminant Prism          Conj/Hex       0%         3d6       100%        4
 Iskenderun's Mystic Bla  Conj/Tloc      0%         2d3       100%        4
 Summon Lightning Spire   Summ/Air       0%         N/A       100%        4
 Alistair's Intoxication  Tmut/Pois      0%         N/A       100%        5
 Lee's Rapid Deconstruct  Erth           0%         3d5*      100%        5
 Lightning Bolt           Conj/Air       0%         1d11      100%        5
 Ozocubu's Refrigeration  Ice            0%         4d7       100%        7
 Chain Lightning          Conj/Air       0%         N/A       100%        9


Dungeon Overview and Level Annotations

Branches:
Dungeon (13/15)            Temple (1/1) D:6            Lair (1/5) D:9
    Orc: D:9-12      Vaults: D:13-14

Altars:
Dithmenos
Kikubaaqudgha
Makhleb
Nemelex Xobeh
Okawaru
Ru
Sif Muna
Trog
Uskayaw
Wu Jian
Xom
The Shining One

Shops:
D:12 !

Annotations:
D:5 2 runed translucent doors, AttackTheMoon's ghost, novice OgFi
D:7 1 runed translucent door
D:10 2 transporters, TheSexyCheese's ghost, journeyman SpCj


Innate Abilities, Weirdness & Mutations

You are too large for most types of armour.
You have claws for hands.
Your natural rate of healing is unusually fast.
You are covered in fur. (AC +1)
You have tough skin. (AC +1)


Message History

The nine-headed hydra bites you!
You block the nine-headed hydra's attack. x2
The nine-headed hydra bites you but does no damage.
The nine-headed hydra bites you.
The nine-headed hydra barely misses you.
The nine-headed hydra bites you.
You rip one of the nine-headed hydra's heads off!
The eight-headed hydra grows two more!
You claw the ten-headed hydra!
The ten-headed hydra is heavily wounded.
You block the ten-headed hydra's attack. x2
The ten-headed hydra bites you.
The ten-headed hydra bites you but does no damage.
The ten-headed hydra bites you! x2
You block the ten-headed hydra's attack. x2
The ten-headed hydra bites you. The ten-headed hydra bites you!
You claw one of the ten-headed hydra's heads off!
The nine-headed hydra grows two more!
You mangle the 11-headed hydra!!
The 11-headed hydra is severely wounded.
The 11-headed hydra bites you but does no damage.
The 11-headed hydra bites you!
You block the 11-headed hydra's attack. x2
The 11-headed hydra bites you but does no damage.
The 11-headed hydra bites you.
* * * LOW HITPOINT WARNING * * *
The 11-headed hydra bites you!
* * * LOW HITPOINT WARNING * * *
The 11-headed hydra bites you but does no damage. x2
The 11-headed hydra bites you!
* * * LOW HITPOINT WARNING * * *
The 11-headed hydra bites you.
* * * LOW HITPOINT WARNING * * *
You claw one of the 11-headed hydra's heads off!
The ten-headed hydra grows two more!
You claw the 12-headed hydra!
The 12-headed hydra is severely wounded.
You block the 12-headed hydra's attack. x2
The 12-headed hydra bites you but does no damage.
The 12-headed hydra bites you.
* * * LOW HITPOINT WARNING * * *
The 12-headed hydra bites you but does no damage.
The 12-headed hydra bites you!
You die...

....# ####
...P# #.
..### ♣♣ #
...# ♣>♣ #
..## ♣.. #
...# ♣.♣♣
...# ♣.♣
..## ♣D♣
...# ♣@♣♣
..## ♣♣.♣
..# # ♣)♣
..## .#
♣.♣♣♣
...#######.#
♣♣..♣
...(.......#
♣♣.♣♣
..........##
♣..♣♣
...........#
♣♣..♣
.......#####
♣♣♣.♣.♣


You could see a 12-headed hydra (corroded).

Vanquished Creatures
  A boulder beetle (D:11)
  A centaur warrior (D:9)
  4 two-headed ogres
  A tengu warrior (D:9)
  2 deep elf pyromancers (D:12)
  An ugly thing (D:12)
  3 cyclopes
  3 manticores
  A gargoyle (D:11)
  2 unseen horrors
  A kobold demonologist (D:7)
  A komodo dragon (Lair:1)
  A troll (D:12)
  4 blink frogs (Lair:1)
  4 slime creatures (D:12)
  A vampire (D:11)
  2 wraiths
  2 wyverns
  A spriggan (Lair:1)
  2 shadows
  A basilisk (Lair:1)
  16 yaks
  A steam dragon (D:9)
  2 acid dragons
  6 water moccasins
  Duvessa (D:4)
  2 orc warriors
  3 sky beasts (D:6)
  2 ice beasts
  2 ogres (D:5)
  3 centaurs
  2 phantoms
  7 bullfrogs
  2 gnoll sergeants
  3 scorpions
  15 wights
  Dowan (D:4)
  18 killer bees
  9 howler monkeys
  4 hounds
  4 jellies
  5 orc priests
  An iguana (D:4)
  9 orc wizards
  12 gnolls
  11 adders
  3 white imps
  3 ufetubi
  3 dart slugs
  24 orcs
  3 ball pythons
  3 endoplasms
  4 giant cockroaches
  3 goblins
  4 hobgoblins
  3 kobolds
  2 bats
  A frilled lizard (D:3)
  2 rats
238 creatures vanquished.

Vanquished Creatures (collateral kills)
  A troll (D:12)
  A yak (D:12)
  2 acid dragons (D:12)
  A gnoll sergeant (D:12)
5 creatures vanquished.

Vanquished Creatures (others)
  A yak (D:12)
  A hound (D:5)
  4 plants (Lair:1)
6 creatures vanquished.

Grand Total: 249 creatures vanquished

Notes
Turn   | Place    | Note
-------+----------+-------------------------------------------
     0 | D:1      | Zeldest the Troll Monk began the quest for the Orb.
     0 | D:1      | Reached XP level 1. HP: 22/22 MP: 0/0
   192 | D:2      | Reached XP level 2. HP: 26/29 MP: 1/1
   652 | D:3      | Reached XP level 3. HP: 30/36 MP: 2/2
   719 | D:3      | Found a burning altar of Makhleb.
   719 | D:3      | Noticed a blizzard demon
   958 | D:4      | Noticed a phantom
   961 | D:4      | Reached skill level 4 in Unarmed Combat
   967 | D:4      | Killed a phantom
   968 | D:4      | Reached XP level 4. HP: 45/45 MP: 3/3
  1014 | D:4      | Reached skill level 5 in Unarmed Combat
  1014 | D:4      | Reached XP level 5. HP: 51/53 MP: 4/4
  1014 | D:4      | Found a hide-covered altar of Uskayaw.
  1016 | D:4      | Found an iron altar of Okawaru.
  1206 | D:4      | Noticed Dowan
  1209 | D:4      | Noticed Duvessa
  1350 | D:4      | Reached XP level 6. HP: 58/62 MP: 5/5
  1359 | D:5      | Entered Level 5 of the Dungeon
  1387 | D:5      | Reached skill level 6 in Unarmed Combat
  1411 | D:5      | Found a hide-covered altar of Uskayaw.
  1502 | D:5      | Found a runed translucent door.
  1506 | D:5      | Noticed AttackTheMoon's ghost (novice OgFi)
  1520 | D:5      | Reached XP level 7. HP: 68/70 MP: 6/6
  1534 | D:5      | Reached skill level 7 in Unarmed Combat
  1549 | D:5      | Found a runed translucent door.
  1562 | D:5      | Found a shimmering blue altar of Sif Muna.
  1670 | D:5      | You fall into a shaft and drop 2 floors!
  1699 | D:7      | Reached skill level 5 in Fighting
  1699 | D:7      | Reached skill level 8 in Unarmed Combat
  1714 | D:7      | Noticed a kobold demonologist
  1722 | D:7      | Noticed a hellwing
  1724 | D:7      | Killed a kobold demonologist
  1725 | D:7      | Reached XP level 8. HP: 80/80 MP: 7/7
  1735 | D:7      | Noticed a gargoyle
  1739 | D:7      | Found a runed translucent door.
  1751 | D:7      | Noticed a manticore
  1760 | D:7      | Reached skill level 9 in Unarmed Combat
  1764 | D:7      | Killed a manticore
  1823 | D:7      | Reached skill level 10 in Unarmed Combat
  1877 | D:7      | Reached XP level 9. HP: 89/89 MP: 8/8
  1961 | D:7      | Noticed a cyclops
  1965 | D:7      | Identified the +5 war axe "Kudops" {pain, Dex+3}
  1974 | D:7      | Killed a cyclops
  1975 | D:7      | Reached skill level 11 in Unarmed Combat
  1978 | D:7      | Noticed an unseen horror
  1982 | D:7      | Noticed a two-headed ogre
  1987 | D:7      | Noticed a cyclops
  1995 | D:7      | Killed an unseen horror
  2111 | D:6      | Identified a scroll of acquirement
  2112 | D:6      | Acquired the +4 tower shield of Grace {Int+3}
  2166 | D:6      | Reached skill level 12 in Unarmed Combat
  2175 | D:6      | Reached XP level 10. HP: 87/102 MP: 9/9
  2223 | D:6      | Reached skill level 1 in Shields
  2502 | D:4      | Found a shimmering blue altar of Sif Muna.
  2599 | D:4      | Killed Duvessa
  2609 | D:4      | Killed Dowan
  2771 | D:6      | Found a staircase to the Ecumenical Temple.
  2778 | Temple   | Entered the Ecumenical Temple
  2796 | Temple   | Became a worshipper of the Wu Jian Council
  2796 | Temple   | Reached * piety under Wu Jian
  2796 | Temple   | Reached ** piety under Wu Jian
  3200 | D:7      | Killed a two-headed ogre
  3248 | D:7      | Identified the +7 flail of Vujun {flame, rF+ Dex-3 SInv
                  | Stlth+}
  3257 | D:7      | Killed a cyclops
  3258 | D:7      | Reached skill level 13 in Unarmed Combat
  3999 | D:9      | Reached *** piety under Wu Jian
  4101 | D:9      | Reached XP level 11. HP: 95/112 MP: 10/10
  4258 | D:10     | Entered Level 10 of the Dungeon
  4393 | D:9      | Noticed a centaur warrior
  4393 | D:9      | Noticed a two-headed ogre
  4397 | D:9      | Noticed a tengu warrior
  4463 | D:9      | Reached skill level 14 in Unarmed Combat
  4525 | D:10     | Found a transporter.
  4525 | D:10     | Found a shadowy altar of Dithmenos.
  4525 | D:10     | Noticed TheSexyCheese's ghost (journeyman SpCj)
  4556 | D:10     | Found a sacrificial altar of Ru.
  4625 | D:10     | Noticed a two-headed ogre
  4633 | D:10     | Killed a two-headed ogre
  4634 | D:10     | Reached skill level 5 in Shields
  4803 | D:10     | Found a transporter.
  4973 | D:11     | Noticed a boulder beetle
  4984 | D:11     | Killed a boulder beetle
  4987 | D:11     | Noticed a two-headed ogre
  4993 | D:11     | Killed a two-headed ogre
  5172 | D:12     | Found Ulamnyt's Distillery.
  5174 | D:12     | Found a shimmering altar of Xom.
  5174 | D:12     | Noticed a seven-headed hydra
  5174 | D:12     | Noticed a deep elf pyromancer
  5175 | D:12     | Noticed a red ugly thing
  5234 | D:12     | Noticed a deep elf pyromancer
  5256 | D:12     | Killed a deep elf pyromancer
  5256 | D:12     | Reached **** piety under Wu Jian
  5291 | D:12     | Killed a red ugly thing
  5292 | D:12     | Reached skill level 15 in Unarmed Combat
  5298 | D:12     | Killed a deep elf pyromancer
  5325 | D:12     | Reached XP level 12. HP: 124/124 MP: 11/11
  5346 | D:12     | Got the Catalogue of Cloudy Intoxication
  5356 | D:12     | Bought a potion of heal wounds for 85 gold pieces
  5356 | D:12     | Bought a potion of heal wounds for 85 gold pieces
  5634 | D:9      | Found a shimmering blue altar of Sif Muna.
  5638 | D:9      | Killed a centaur warrior
  5643 | D:9      | Killed a two-headed ogre
  5694 | D:9      | Found a staircase to the Lair.
  5710 | D:9      | Killed a tengu warrior
  5783 | Lair:1   | Entered Level 1 of the Lair of Beasts
  5957 | Lair:1   | Reached skill level 16 in Unarmed Combat
  5987 | Lair:1   | Noticed a six-headed hydra
  5999 | Lair:1   | Slain by a 12-headed hydra

Illustrated notes

Levels and vault maps discovered:
D:1:      giann_bridges, layout_basic
D:2:      layout_loops_ring, hellmonk_ecumenical_altar_lost_god,
          reono_crystal_passage
D:3:      layout_basic, makhleb_altar_promises_db, serial_glass,
          glass_columns_b, glass_columns_c, glass_columns_b, glass_columns_b,
          glass_columns_c, glass_columns_a, glass_columns_a, glass_columns_c
D:4:      layout_basic, kennysheep_mini, mainiacjoe_overflow_divided_tiny,
          kennysheep_generic_room_4, uniq_duvessa
D:5:      layout_rooms, ebering_ghost_sewer_f, hangedman_feature_mirror
D:6:      layout_layer_cave, minmay_temple_entry_statues_pillars
D:7:      minmay_the_grid_triangle_9x9_rhombus_full
          [minmay_the_grid_triangle_9x9_subtriangle,
          minmay_the_grid_triangle_9x9_descending_squares,
          minmay_the_grid_triangle_9x9_flanged_cone,
          minmay_the_grid_triangle_9x9_warning,
          minmay_the_grid_triangle_9x9_shrine,
          minmay_the_grid_triangle_9x9_intruding_spiral,
          minmay_the_grid_triangle_9x9_semitri,
          minmay_the_grid_triangle_9x9_prize_schism], layout_loops_ring,
          old_standard_altar, minmay_misc_feat_square, corexii_corridor_pit,
          chequers_serial_rivers_micro_c, kennysheep_small_circle
D:8:      layout_loops_corners, minmay_fractal_squares_gapless_5
D:9:      layout_irregular_city, lair_entry_dummy, orc_0_dummy,
          serial_co_window_serial, co_window_corner_a, co_window_paths_a,
          co_window_paths_a, co_window_cross_1, co_window_paths_b,
          co_window_unsneaky_path_b, co_window_2corner,
          co_window_of_opportunity_b, co_window_cross_2, co_window_corner_b,
          co_window_unsneaky_path_b, co_window_broadway_b, glass_columns_a,
          glass_columns_a, glass_columns_c, minmay_ruined_shrine
D:10:     layout_layer_cave, mainiacjoe_overflow_large_starburst,
          gammafunk_ghost_stat_death, lemuel_flame_loot_1
D:11:     layout_loops_ring
D:12:     layout_rooms, hellmonk_ghost_happy_afterlife, serial_shops, shop,
          xom_confusion_cloud
D:13:     layout_irregular_city, ximxim_vaults_locker_room, serial_shops,
          nicolae_stop_n_shop_2, grunt_gozag_breadcrumbs
Temple:   regret_index_temple_waves
Lair:1:   kb_forest_paths, layout_cellular_growth, cheibrodos_lair_reptile_den,
          grunt_megastairs_3

Skill      XL: |  1  2  3  4  5  6  7  8  9 10 11 12 |
---------------+-------------------------------------+-----
Unarmed Combat | 4 5 6 8 10 12 13 15 16 | 16.0
Fighting       | 3 4 5 6 7 8 9 |  9.9
Shields        | 4 6 7 |  7.1
Armour         | |  0.1
Dodging        | |  2.5
Stealth        | |  1.1

Action                   |  1- 3 |  4- 6 |  7- 9 | 10-12 || total
-------------------------+-------+-------+-------+-------++-------
Melee: Unarmed           |    54 |    59 |   137 |   469 ||   719
       Punch             |     1 |     2 |     6 |       ||     9
Invok: Whirlwind         |       |       |       |   162 ||   162
       Lunge             |       |       |       |    33 ||    33
 Abil: Wall Jump         |       |       |       |     2 ||     2
Evoke: Wand              |       |     1 |       |     1 ||     2
  Use: Potion            |       |     2 |     1 |     5 ||     8
       Scroll            |       |       |    11 |     4 ||    15
 Stab: Sleeping          |     2 |     1 |       |     1 ||     4
Armor: Robe              |    17 |    16 |    29 |    10 ||    72
       Acid dragon scale |       |       |    16 |   123 ||   139
       Skin              |       |       |       |     9 ||     9
Dodge: Dodged            |    37 |    55 |    63 |    88 ||   243
Block: Tower shield      |       |       |    12 |   352 ||   364
